 Dungeon Crawl Stone Soup version 0.23.2 (webtiles) character file.

Game seed: 15657816778083174292

21 sagitran the Skirmisher (level 2, -1/24 HPs)
             Began as a Demonspawn Chaos Knight on Mar 31, 2019.
             Was a Plaything of Xom.
             Killed from afar by Natasha (8 damage)
             ... with a magic dart
             ... on level 2 of the Dungeon.
             The game lasted 00:01:51 (652 turns).

sagitran the Skirmisher (Demonspawn Chaos Knight)    Turns: 652, Time: 00:01:51

Health: -1/24      AC:  5    Str: 12    XL:     2   Next: 62%
Magic:  2/2        EV: 10    Int: 13    God:    Xom [..*...]
Gold:   111        SH:  3    Dex: 12    Spells: 1/1 levels left

rFire    . . .     SeeInvis +   a - +0 falchion (chaos)
rCold    . . .     Gourm    .   e - +0 buckler
rNeg     . . .     Faith    .   b - +2 leather armour
rPois    .         Spirit   .   (helmet restricted)
rElec    .         Reflect  .   (no cloak)
rCorr    .         Harm     .   (no gloves)
MR       .....                  (no boots)
Stlth    +.........             (no amulet)
HPRegen  0.08/turn              j - ring of see invisible
MPRegen  0.08/turn              (no ring)

@: no status effects
A: horns 1
a: Renounce Religion


You were on level 2 of the Dungeon.
You worshipped Xom.
You were a toy of Xom.
You were not hungry.

You visited 1 branch of the dungeon, and saw 3 of its levels.

You collected 111 gold pieces.

Inventory:

Hand Weapons
 a - a +0 falchion of chaos (weapon)
Armour
 b - a +2 leather armour (worn)
 e - a +0 buckler (worn)
Jewellery
 j - a ring of see invisible (left hand)
Scrolls
 d - 3 scrolls of identify {unknown}
 f - a scroll of fog {unknown}
 h - a scroll of random uselessness {unknown}
 k - a scroll of enchant weapon {unknown}
Potions
 g - 3 potions of might {unknown}
 i - a potion of magic {unknown}
Comestibles
 c - 6 rations


   Skills:
 + Level 3.6 Fighting
 + Level 3.0 Long Blades
 + Level 1.9 Armour
 + Level 0.8 Dodging


You had one spell level left.
You didn't know any spells.
Your spell library was empty.

Dungeon Overview and Level Annotations

Branches:
Dungeon (3/15)

Altars:

Annotations:
D:2 Natasha


Innate Abilities, Weirdness & Mutations

You have a pair of small horns on your head.


Message History

Natasha claws you. The shadow imp hits you.
You hit Natasha but do no damage.
Natasha is moderately wounded.
Natasha claws you but does no damage. The shadow imp hits you.
The shadow imp misses you. Natasha claws you.
You hit Natasha.
Natasha is poisoned.
Your headbutt misses Natasha.
Natasha is heavily wounded.
Natasha barely misses you. You block the shadow imp's attack.
The shadow imp closely misses you.
You riposte.
You hit the shadow imp but do no damage.
Your ice beast barely misses the shadow imp.
You barely miss Natasha.
Natasha is heavily wounded.
Natasha claws you but does no damage. The shadow imp completely misses you.
Your ice beast hits the shadow imp.
Your ice beast freezes the shadow imp.
The shadow imp resists.
The shadow imp hits you.
* * * LOW HITPOINT WARNING * * *
Natasha casts a spell at you. The magic dart hits you!
You die...

############
#..........##
............##
..........(..#
.........)...#
.............#
.....<...@Y..#
........5h5..#
.......>....##
#......†...##
#######.#.##
#.#.# ....#
##.... ... .


You could see Natasha, 2 shadow imps and a friendly ice beast.

Vanquished Creatures
  A worm (D:3)
  A dart slug (D:1)
  A leopard gecko (D:1)
  A giant cockroach (D:3)
  A goblin (D:2)
  2 hobgoblins (D:1)
  2 bats (D:1)
  4 kobolds (D:1)
  A rat (D:2)
14 creatures vanquished.

Vanquished Creatures (collateral kills)
  A kobold (D:2)
1 creature vanquished.

Grand Total: 15 creatures vanquished

Notes
Turn   | Place    | Note
-------+----------+-------------------------------------------
     0 | D:1      | sagitran the Demonspawn Chaos Knight began the quest for
                  | the Orb.
     0 | D:1      | Reached XP level 1. HP: 18/18 MP: 1/1
   290 | D:1      | XOM: harmless Air miscast
   337 | D:1      | Gained mutation: You have a pair of small horns on your
                  | head. [demonic ancestry]
   337 | D:1      | Reached XP level 2. HP: 24/24 MP: 2/2
   608 | D:3      | XOM: harmless Necr miscast
   622 | D:3      | XOM: divination: detect items
   641 | D:2      | Noticed Natasha
   646 | D:2      | XOM: cast spell 'Summon Ice Beast'
   652 | D:2      | Killed from afar by Natasha

Skill      XL: |  1  2 |
---------------+-------+-----
Long Blades    | 3 |  3.0
Fighting       | |  3.6
Armour         | |  1.9
Dodging        | |  0.8

Action                   || total
-------------------------++-------
Melee: Falchion          ||    29
       Headbutt          ||     3
Armor: Leather armour    ||    11
Dodge: Dodged            ||    18
Block: Buckler           ||     2
       Rpst.: Falchion   ||     7
